 Dungeon Crawl Stone Soup version 0.27.1-3-gb3d3a73c9e (webtiles) character file.

Game seed: 17172955751852712513

2609 Crownlay the Carver (level 9, -2/84 HPs)
             Began as a Minotaur Fighter on Oct 24, 2021.
             Was a High Priest of Elyvilon.
             Slain by a hornet (4 damage)
             ... while paralysed by a hornet
             ... on level 8 of the Dungeon.
             The game lasted 00:12:08 (6665 turns).

Crownlay the Carver (Minotaur Fighter)              Turns: 6665, Time: 00:12:08

Health: -2/84      AC:  9    Str: 27    XL:     9   Next: 34%
Magic:  8/8        EV:  2    Int:  5    God:    Elyvilon [*****.]
Gold:   450        SH:  0    Dex: 13    Spells: 8/8 levels left

rFire    . . .     SeeInvis .   a - +0 long sword
rCold    . . .     Faith    .   (no shield)
rNeg     . . .     Spirit   .   p - +3 scale mail
rPois    .         Reflect  .   (helmet restricted)
rElec    .         Harm     .   (no cloak)
rCorr    .         Rampage  .   (no gloves)
Will     .....                  (no boots)
Stlth    ..........             (no amulet)
HPRegen  0.24/turn              h - +4 ring of evasion
MPRegen  0.11/turn              n - +6 ring of strength

@: paralysed, lethally poisoned (-2 -> -6), slowed
A: horns 2, retaliatory headbutt
a: Renounce Religion, Lesser Healing, Heal Other, Purification, Greater Healing,
Divine Vigour, Divine Protection


You were on level 8 of the Dungeon.
You worshipped Elyvilon.
Elyvilon was extremely pleased with you.
You visited 1 branch of the dungeon, and saw 8 of its levels.

You collected 450 gold pieces.

Inventory:

Hand Weapons
 a - a +0 long sword (weapon)
Armour
 c - a +0 kite shield
 p - a +3 scale mail (worn)
 B - a +0 kite shield
Jewellery
 h - a +4 ring of evasion (left hand)
 j - a ring of poison resistance
 n - a +6 ring of strength (right hand)
 t - a ring of protection from cold
Wands
 b - a wand of digging (5)
 g - a wand of paralysis (6)
 y - a wand of mindburst (5)
 C - a wand of polymorph (4)
Scrolls
 e - 2 scrolls of vulnerability
 f - 3 scrolls of enchant weapon
 i - a scroll of amnesia {unknown}
 k - a scroll of magic mapping {unknown}
 m - 2 scrolls of enchant armour
 r - a scroll of immolation {unknown}
 w - a scroll of noise {unknown}
 x - a scroll of fog {unknown}
Potions
 d - 3 potions of might
 l - a potion of flight {unknown}
 q - a potion of lignification {unknown}
 s - 2 potions of heal wounds {unknown}
 u - a potion of ambrosia {unknown}
 v - 3 potions of attraction {unknown}
 z - 2 potions of degeneration {unknown}
 A - a potion of magic {unknown}


   Skills:
 + Level 9.5 Fighting
 * Level 12.3 Long Blades
 - Level 3.6 Armour
 - Level 3.6 Shields


You had 8 spell levels left.
You didn't know any spells.
Your spell library contained the following spells:

 Spells                   Type           Power      Damage    Failure   Level
 Ignite Poison            Fire/Tmut/Pois 0%         N/A       98%         3
 Mephitic Cloud           Conj/Pois/Air  0%         N/A       98%         3
 Bolt of Magma            Conj/Fire/Erth 0%         4d4       100%        5
 Fireball                 Conj/Fire      0%         3d3       100%        5
 Iskenderun's Battlesphe  Conj           0%         2d6       100%        5
 Conjure Ball Lightning   Conj/Air       0%         3x3d6     100%        6
 Orb of Destruction       Conj           0%         N/A       100%        7


Dungeon Overview and Level Annotations

Branches:
Dungeon (8/15)             Temple (0/1) D:4
   Lair: D:8-11

Altars:
Elyvilon
Yredelemnul

Shops:
D:1 (   D:6 **


Innate Abilities, Weirdness & Mutations

You have a pair of horns on your head.
You reflexively headbutt those who attack you in melee.


Message History

The troll is almost dead.
The troll bites you! The troll claws you. The troll barely misses you.
You are too injured to fight recklessly!
You are too injured to fight recklessly!
You are too injured to fight recklessly!
You are too injured to fight recklessly!
You are too injured to fight recklessly!
You are too injured to fight recklessly!
You hit the troll.
You kill the troll!
The troll leather armour is intact enough to wear.
You miss the hornet. You headbutt the hornet!
The hornet is moderately wounded.
The hornet misses you.
You riposte.
You closely miss the hornet. Your headbutt misses the hornet.
The hornet is moderately wounded.
You hit the hornet. Your headbutt misses the hornet.
The hornet is heavily wounded.
The hornet stings you!
You are poisoned.
You feel yourself slow down.
The hornet stings you but does no damage.
You slash the hornet! Your headbutt misses the hornet.
The hornet is almost dead.
You feel yourself speed up.
You feel very sick. The hornet stings you!
* * * LOW HITPOINT WARNING * * *
You feel yourself slow down.
You hit the hornet but do no damage.
You headbutt the hornet, but do no damage.
The hornet is almost dead.
You feel sick. The hornet stings you.
* * * LOW HITPOINT WARNING * * *
You suddenly lose the ability to move!
The hornet completely misses you.
You feel yourself speed up.
You feel sick. The hornet stings you!
* * * LOW HITPOINT WARNING * * *
You feel yourself slow down. The hornet stings you.
You die...

....... .#
##.#...#..
......#[#
.......
.....#
....#
##y#.#
#.@#.#
#.##.#
#...<#
######


You could see a hornet.

Vanquished Creatures
  A troll (D:8)
  Grinder (D:4)
  3 sky beasts
  A necrophage (D:5)
  2 ogres (D:6)
  2 phantoms
  2 bullfrogs
  A gnoll sergeant (D:7)
  2 scorpions (D:4)
  A wyvern skeleton (D:7)
  5 wights (D:7)
  A howler monkey (D:5)
  2 jellies
  A centaur zombie (D:7)
  3 orc priests
  5 hounds
  A centaur skeleton (D:5)
  An iguana (D:6)
  4 orc wizards
  2 killer bee zombies
  3 hound skeletons
  Robin (D:4)
  4 gnolls (D:6)
  A howler monkey skeleton (D:6)
  10 adders
  A shadow imp (D:7)
  2 ufetubi
  2 adder skeletons (D:4)
  3 worms
  3 dart slugs
  23 orcs
  4 endoplasms
  10 giant cockroaches
  19 hobgoblins
  7 jackals (D:3)
  5 kobolds
  A quokka (D:3)
  12 ball pythons
  5 bats
  4 frilled lizards
  12 goblins
  4 rats
177 creatures vanquished.

Notes
Turn   | Place    | Note
-------+----------+-------------------------------------------
     0 | D:1      | Crownlay the Minotaur Fighter began the quest for the Orb.
     0 | D:1      | Reached XP level 1. HP: 19/19 MP: 0/0
   137 | D:1      | Reached skill level 3 in Long Blades
   181 | D:1      | Reached XP level 2. HP: 27/27 MP: 1/1
   393 | D:1      | Found a faded altar of an unknown god.
   406 | D:1      | Became a worshipper of Elyvilon the Healer
   406 | D:1      | Reached * piety under Elyvilon
   601 | D:1      | Found Ituttedgh's Weapon Boutique.
   815 | D:1      | Reached XP level 3. HP: 32/33 MP: 2/2
  1008 | D:2      | Found a basalt altar of Yredelemnul.
  1029 | D:2      | Reached skill level 4 in Long Blades
  1085 | D:2      | Reached ** piety under Elyvilon
  1441 | D:3      | Reached XP level 4. HP: 41/41 MP: 3/3
  1837 | D:3      | Reached *** piety under Elyvilon
  1908 | D:3      | Reached skill level 5 in Long Blades
  1915 | D:3      | Reached skill level 5 in Fighting
  1915 | D:3      | Reached XP level 5. HP: 27/48 MP: 4/4
  2483 | D:4      | Noticed Grinder
  2491 | D:4      | Paralysed by Grinder for 2 turns
  2502 | D:4      | Killed Grinder
  2503 | D:4      | Reached skill level 7 in Long Blades
  2503 | D:4      | Reached XP level 6. HP: 40/57 MP: 5/5
  2862 | D:4      | Reached XP level 7. HP: 63/63 MP: 6/6
  2884 | D:4      | Noticed Robin
  2902 | D:4      | Killed Robin
  3218 | D:4      | Reached **** piety under Elyvilon
  3272 | D:4      | Reached skill level 8 in Long Blades
  3299 | D:4      | Found a staircase to the Ecumenical Temple.
  3611 | D:5      | Entered Level 5 of the Dungeon
  3645 | D:5      | Reached skill level 9 in Long Blades
  4206 | D:5      | Reached XP level 8. HP: 73/73 MP: 7/7
  4521 | D:6      | Reached skill level 10 in Long Blades
  4949 | D:6      | Reached ***** piety under Elyvilon
  5103 | D:6      | Found Warietso's Specific Store.
  5106 | D:6      | Found Ysutin's General Store.
  5180 | D:6      | Reached skill level 11 in Long Blades
  5553 | D:7      | Reached XP level 9. HP: 41/82 MP: 8/8
  6119 | D:7      | Reached skill level 12 in Long Blades
  6208 | D:7      | Found a white marble altar of Elyvilon.
  6653 | D:8      | Noticed a troll
  6660 | D:8      | Killed a troll
  6664 | D:8      | Paralysed by a hornet for 2 turns
  6665 | D:8      | HP: 2/84 [hornet (7)]
  6665 | D:8      | Slain by a hornet

Illustrated notes

Levels and vault maps discovered:
D:1:      dpeg_chamrin_arrival_tetris, layout_loops_corners,
          chequers_ecumenical_altar_simple_redux, serial_shops, shop_fountains
D:2:      layout_rooms, basic_altar, corner_web_ring
D:3:      layout_basic
D:4:      layout_basic, minmay_temple_entry_glass, minmay_checkerbox,
          uniq_robin, uniq_grinder
D:5:      layout_loops_ring, hangedman_abyss_or_decor_stabs,
          minmay_fractal_squares_diagonal_5
D:6:      layout_gridville, chequers_serial_rivers_room_a,
          nicolae_specific_store
D:7:      layout_basic, mainiacjoe_overflow_alcove_1, minmay_fractal_squares_5
D:8:      minmay_inner_zag, layout_basic, lair_entry_dummy

Skill      XL: |  1  2  3  4  5  6  7  8  9 |
---------------+----------------------------+-----
Long Blades    | 3 4 5 7 9 11 12 | 12.3
Fighting       | 4 5 6 7 8 9 |  9.5
Armour         | |  3.6
Shields        | |  3.6

Action                   |  1- 3 |  4- 6 |  7- 9 || total
-------------------------+-------+-------+-------++-------
Melee: Long sword        |    77 |    87 |   219 ||   383
       Headbutt          |    14 |    14 |    57 ||    85
Throw: Throwing net      |       |       |     1 ||     1
  Use: Scroll            |       |       |     3 ||     3
Armor: Scale mail        |    37 |    21 |    92 ||   150
Dodge: Dodged            |    55 |    56 |   159 ||   270
       Rpst.: Long sword |    16 |     9 |    34 ||    59
